 Dungeon Crawl Stone Soup version 0.32-a0-460-gc8eefc90e7 (webtiles) character file.

Game seed: 12092574467897906379

104 Morbidden the Conjurer (level 4, -5/22 HPs)
             Began as a Vine Stalker Conjurer on Feb 24, 2024.
             Slain by a scorpion (6 damage)
             ... on level 5 of the Dungeon.
             The game lasted 00:02:04 (2681 turns).

Morbidden the Conjurer (Vine Stalker Conjurer)      Turns: 2681, Time: 00:02:05

Health: -5/22      AC:  2    Str:  9    XL:     4   Next: 80%
Magic:  0/8        EV: 12    Int: 20    God:
Gold:   52         SH:  0    Dex: 13    Spells: 5/8 levels left

rFire   . . .        a - +2 dagger (holy)
rCold   . . .        (no shield)
rNeg    . . .        g - +0 robe
rPois   .            (no helmet)
rElec   .            (no cloak)
rCorr   .            (no gloves)
SInv    .            (no boots)
Will    .....        (no amulet)
Stlth   ++           (no ring)
HPRegen 1.03/turn    (no ring)
MPRegen 0.11/turn

%: guardian spirit
@: mighty, lethally poisoned (-5 -> -7)
A: fangs 2, regeneration 1, magic shield, antimagic bite, no potion heal 2
a: no special abilities


You were on level 5 of the Dungeon.
You visited 1 branch of the dungeon, and saw 4 of its levels.

You collected 52 gold pieces.

Inventory:

Hand Weapons
 a - a +2 dagger of holy wrath (weapon)
Armour
 g - a +0 robe (worn)
Talismans
 h - a beast talisman
Scrolls
 c - a scroll of torment {unknown}
 d - a scroll of poison {unknown}
 e - a scroll of enchant armour {unknown}
 f - 2 scrolls of identify {unknown}
 l - a scroll of enchant weapon {unknown}
 m - a scroll of blinking {unknown}
 n - a scroll of vulnerability {unknown}
 o - a scroll of noise {unknown}
 q - a scroll of immolation {unknown}
Potions
 j - a potion of degeneration {unknown}
 k - 2 potions of haste {unknown}
 p - a potion of invisibility {unknown}


   Skills:
 * Level 1.1 Fighting
 * Level 0.4 Armour
 * Level 1.9 Dodging
 + Level 2.6 Stealth
 * Level 2.6 Spellcasting
 * Level 5.1 Conjurations
 * Level 0.3 Shapeshifting


You had 5 spell levels left.
You knew the following spells:

 Your Spells              Type           Power      Damage    Failure   Level
a - Magic Dart            Conj           92%        1d7       1%          1
b - Searing Ray           Conj           46%        2d6       2%          2

Your spell library contained the following spells:

 Spells                   Type           Power      Damage    Failure   Level
 Call Canine Familiar     Summ           2%         N/A       41%         3
 Sigil of Binding         Hex            2%         N/A       41%         3
 Fulminant Prism          Conj/Alch      6%         3d7       45%         4
 Iskenderun's Mystic Bla  Conj/Tloc      12%        2d5       45%         4
 Dimensional Bullseye     Hex/Tloc       1%         N/A       83%         4


Dungeon Overview and Level Annotations

Branches:
Dungeon (5/15)
 Temple: D:4-7

Altars:
Kikubaaqudgha

Shops:
D:2 :(=(


Innate Abilities, Weirdness & Mutations

You have extremely sharp teeth.
Your natural rate of healing is unusually fast.
When hurt, damage is shared between your health and your magic reserves.
Your bite disrupts and absorbs the magic of your enemies.
Potions cannot restore your health.


Message History

Confirm with . or Enter, or press ? or * to list all spells.
Aiming: Searing Ray (safe; 3% risk of failure)
Press: ? - help, Shift-Dir - straight line, f - scorpion
Aim: a scorpion (78% to hit)
The searing ray hits the scorpion.
The scorpion is moderately wounded.
The searing ray hits something.
Reactivating autopickup.
You feel a bit more experienced. (Press . to maintain the ray.)
The scorpion barely misses you.
Your Conjurations skill increases to level 5!
Unknown command.
The searing ray hits the scorpion!
The scorpion is severely wounded.
The scorpion stings you but does no damage.
The scorpion stings you!
* * * LOW HITPOINT WARNING * * *
You are lethally poisoned!
The scorpion poisons you!
Without enough magic to sustain it, your searing ray dissipates.
* * * LOW HITPOINT WARNING * * *
You feel very sick. The scorpion closely misses you.
Unknown command.
Unknown command.
Casting: Searing Ray (safe; 2% risk of failure)
Confirm with . or Enter, or press ? or * to list all spells.
You don't have enough magic to cast this spell.
Unknown command.
Casting: Searing Ray (safe; 2% risk of failure)
Confirm with . or Enter, or press ? or * to list all spells.
You don't have enough magic to cast this spell.
Unknown command.
It was a potion of might.
You feel very mighty all of a sudden.
* * * LOW HITPOINT WARNING * * *
You feel very sick. The scorpion stings you.
You die...

#....# .# ...
#....####.#....
#.........#...
#.............
#........).#
#....).....# o
#...##.....##...
######...##...)......
#<..@s)..##.......##
######...##.......#
#...#####....# #...#
....... #.....
....... ##.....
....... #......
.....## ...... ......


You could see a scorpion.

Vanquished Creatures
  An orc wizard (D:5)
  A gnoll (D:5)
  An adder (D:2)
  2 dart slugs (D:2)
  2 orcs (D:5)
  6 ball pythons
  4 endoplasms
  4 giant cockroaches
  5 goblins
  5 hobgoblins
  A quokka (D:2)
  3 bats
  3 frilled lizards
  6 kobolds
  9 rats
53 creatures vanquished.

Notes
Turn   | Place    | Note
-------+----------+-------------------------------------------
     0 | D:1      | Morbidden the Vine Stalker Conjurer began the quest for the
                  | Orb.
     0 | D:1      | Reached XP level 1. HP: 9/9 MP: 4/4
   506 | D:1      | Reached XP level 2. HP: 13/13 MP: 4/6
   509 | D:1      | Learned a level 2 spell: Searing Ray
   715 | D:1      | Found a faded altar of an unknown god.
   963 | D:1      | Reached XP level 3. HP: 16/16 MP: 0/7
  1868 | D:2      | Reached skill level 1 in Fighting
  1968 | D:2      | Found Yteale's Book Boutique.
  2100 | D:2      | Found Ohoig's Antique Weapon Shoppe.
  2166 | D:2      | Found Xuomorir's Weapon Shoppe.
  2327 | D:2      | Reached XP level 4. HP: 22/22 MP: 6/8
  2483 | D:2      | Found Necsipis's Jewellery Boutique.
  2560 | D:2      | You fall into a shaft and drop 2 floors!
  2560 | D:4      | Found an ancient bone altar of Kikubaaqudgha.
  2569 | D:5      | Entered Level 5 of the Dungeon
  2665 | D:5      | Noticed a scorpion
  2679 | D:5      | Reached skill level 5 in Conjurations
  2681 | D:5      | HP: 1/22 [poisoned by a scorpion]
  2681 | D:5      | Slain by a scorpion

Illustrated notes

Levels and vault maps discovered:
D:1:      amcnicky_arrival_blooded_trapdoor, layout_loops_corners,
          shapermc_ecumenical_altar_flowoftime
D:2:      layout_loops_corners, serial_shops, nicolae_shop_peninsula,
          nicolae_shop_bloodbath_and_beyond, shop, shop, glass_columns_c
D:4:      wander_river, layout_rooms, nicolae_vehumet_altar_sigil,
          nicolae_overflow_hidden_temple, mainiacjoe_overflow_catch_the_wave,
          nemelex_spade_bored_becter, general_overflow_altar,
          minmay_temple_entry_waves, nicolae_letterblocks
          [nicolae_letter_subblock, nicolae_letter_subblock,
          nicolae_letter_subblock, nicolae_letter_subblock,
          nicolae_letter_subblock, nicolae_letter_subblock,
          nicolae_letter_subblock, nicolae_letter_subblock,
          nicolae_letter_subblock, nicolae_letter_subblock,
          nicolae_letter_subblock, nicolae_letter_subblock,
          nicolae_letter_subblock, nicolae_letter_subblock,
          nicolae_letter_subblock, nicolae_letter_subblock,
          nicolae_letter_subblock, nicolae_letter_subblock,
          nicolae_letter_subblock, nicolae_letter_subblock,
          nicolae_letter_subblock, nicolae_letter_subblock,
          nicolae_letter_subblock, nicolae_letter_subblock,
          nicolae_letter_subblock]
D:5:      layout_basic, uniq_blork_the_orc

Skill      XL: |  1  2  3  4 |
---------------+-------------+-----
Fighting       | 1 |  1.1
Conjurations   | 5 |  5.1
Armour         | |  0.4
Dodging        | |  1.9
Stealth        | |  2.6
Spellcasting   | |  2.6
Shapeshifting  | |  0.3

Action                     |  1- 3 |  4- 6 || total
---------------------------+-------+-------++-------
  Melee: Unarmed           |     3 |       ||     3
         Dagger            |     1 |       ||     1
   Cast: Magic Dart        |    78 |    26 ||   104
         Searing Ray       |       |     1 ||     1
    Use: Potion            |       |     2 ||     2
 Armour: Robe              |     5 |    10 ||    15
  Dodge: Dodged            |    13 |     5 ||    18

Table legend: (Time is in decaauts)
 A = Elapsed time spent in this place.
 B = Non-inter-level travel time spent in this place.
 C = Inter-level travel time spent in this place.
 D = Time resting spent in this place.
 E = Time spent auto-exploring this place.
 F = Levels seen in this place.
 G = Mean time per level.
                   A        B        C        D        E       F      G
               +--------+--------+--------+--------+--------+-----+--------+
         Total |   2679 |   2567 |    112 |    337 |   1976 |   4 |  669.8 |
       Dungeon |   2679 |   2567 |    112 |    337 |   1976 |   4 |  669.8 |
               +--------+--------+--------+--------+--------+-----+--------+

Top non-repeatable levels by time:
     D:1: 1744 daAuts
     D:2: 814 daAuts
     D:5: 111 daAuts
     D:4: 8 daAuts
